 Dungeon Crawl Stone Soup version 0.29-a0-892-g2c4c91d9db (webtiles) character file.

Game seed: 11613267649535118639

53 nucleargodhead the Trooper (level 3, -7/51 HPs)
             Began as a Minotaur Berserker on July 23, 2022.
             Was a Follower of Trog.
             Mangled by a gnoll
             ... wielding a +0 halberd
              (11 damage)
             ... on level 2 of the Dungeon.
             The game lasted 00:01:03 (999 turns).

nucleargodhead the Trooper (Minotaur Berserker)      Turns: 999, Time: 00:01:03

Health: -7/51      AC:  6    Str: 23    XL:     3   Next: 62%
Magic:  2/2        EV: 10    Int:  4    God:    Trog [*.....]
Gold:   81         SH:  0    Dex:  9    Spells: 2/2 levels left

rFire   . . .      SeeInvis .   a - +0 hand axe
rCold   . . .      Faith    .   (no shield)
rNeg    . . .      Spirit   .   k - +0 scale mail
rPois   .          Reflect  .   (helmet restricted)
rElec   .          Harm     .   (no cloak)
rCorr   .          Rampage  .   (no gloves)
Will    .....                   (no boots)
Stlth   ..........              (no amulet)
HPRegen 0.17/turn               (no ring)
MPRegen 0.08/turn               (no ring)

@: berserking, very quick
A: horns 2, retaliatory headbutt
a: Renounce Religion, Berserk


You were on level 2 of the Dungeon.
You worshipped Trog.
Trog was aware of your devotion.
You visited 1 branch of the dungeon, and saw 2 of its levels.

You collected 81 gold pieces.

Inventory:

Hand Weapons
 a - a +0 hand axe (weapon)
Armour
 b - a +0 animal skin
 k - a +0 scale mail (worn)
Scrolls
 e - 2 scrolls of identify {unknown}
 f - 3 scrolls of enchant armour {unknown}
 g - a scroll of fear {unknown}
 j - a scroll of enchant weapon {unknown}
 l - a scroll of magic mapping {unknown}
Potions
 c - 2 potions of might {unknown}
 d - a potion of lignification {unknown}
 h - 2 potions of curing {unknown}
 i - a potion of haste {unknown}
 m - a potion of heal wounds {unknown}
 n - a potion of brilliance {unknown}


   Skills:
 + Level 4.7 Fighting
 + Level 4.7 Axes
 - Level 2.4 Armour
 - Level 2.1 Dodging


You had 2 spell levels left.
You didn't know any spells.
Your spell library was empty.

Dungeon Overview and Level Annotations

Branches:
Dungeon (2/15)

Altars:

Shops:
D:1 ?   D:2 !


Innate Abilities, Weirdness & Mutations

You have a pair of horns on your head.
You reflexively headbutt those who attack you in melee.


Message History

The gnoll shouts!
You hear a shout!
A gnoll comes into view. It is wielding a +0 club.
Found a stone staircase leading down.
The gnoll hits you but does no damage.
You closely miss the gnoll. The gnoll barely misses you.
You hit the gnoll.
The gnoll is lightly wounded.
You hit the gnoll but do no damage. The gnoll completely misses you.
You furiously retaliate!
You headbutt the gnoll, but do no damage.
The gnoll barely misses you. The gnoll completely misses you.
You furiously retaliate!
You headbutt the gnoll. The gnoll hits you with a +0 whip.
The gnoll hits you with a +0 halberd!
You slash the gnoll! You headbutt the gnoll.
The gnoll is almost dead.
You hit the gnoll. You hit the gnoll but do no damage.
The gnoll hits you with a +0 halberd. The gnoll hits you with a +0 whip.
The gnoll hits you with a +0 club.
* * * LOW HITPOINT WARNING * * *
Unknown command.
You are too injured to fight recklessly!
Unknown command.
A red film seems to cover your vision as you go berserk!
You feel yourself moving faster!
You feel mighty! The gnoll barely misses you.
The gnoll hits you but does no damage. The gnoll hits you with a +0 whip.
* * * LOW HITPOINT WARNING * * *
You closely miss the gnoll. Your headbutt misses the gnoll.
The gnoll is heavily wounded.
You barely miss the gnoll. You slash the gnoll! You closely miss the gnoll.
You headbutt the gnoll.
You kill the gnoll!
Trog accepts your kill.
You barely miss the gnoll. You hit the gnoll.
You kill the gnoll!
Trog accepts your kill. The gnoll hits you with a +0 halberd!
* * * LOW HITPOINT WARNING * * *
You barely miss the gnoll.
The gnoll is heavily wounded.
The gnoll hits you with a +0 halberd!
You die...

..........# ####.....##
####†...++ ......#..#
###...##..# #...# #..#
#...# #..## # # #.(.#
#..##+####...> #
#...######....@)......
##..........#..#)g##....
.###...........#..... .
...####.....##.#.###...
##....#####.##.... ...
)...).......##...# ..
##....########...# #
...#### ##.#. .### .#.#


You could see a gnoll.

Vanquished Creatures
  An adder (D:2)
  2 gnolls (D:2)
  3 dart slugs
  An orc (D:2)
  2 ball pythons (D:1)
  An endoplasm (D:1)
  A giant cockroach (D:1)
  A hobgoblin (D:2)
  2 kobolds (D:1)
  2 bats
  A frilled lizard (D:1)
  A goblin (D:2)
  3 rats
21 creatures vanquished.

Notes
Turn   | Place    | Note
-------+----------+-------------------------------------------
     0 | D:1      | nucleargodhead the Minotaur Berserker began the quest for
                  | the Orb.
     0 | D:1      | Reached XP level 1. HP: 19/19 MP: 0/0
   130 | D:1      | Found Mucocuta's Magic Scroll Boutique.
   425 | D:1      | Reached XP level 2. HP: 27/27 MP: 1/1
   782 | D:2      | Found Jarasah's Distillery.
   925 | D:2      | Reached XP level 3. HP: 31/34 MP: 2/2
   999 | D:2      | Mangled by a gnoll

Illustrated notes

Levels and vault maps discovered:
D:1:      denvon_arrival_planthouse, layout_rooms, serial_shops,
          nicolae_shop_hallway_plus, lemuel_old_faithful
D:2:      minmay_general_purpose_star, layout_loops_cross, serial_shops, shop,
          shapermc_ecumenical_altar_mp_urbaneastern, grunt_decor_arrowhead

Skill      XL: |  1 |
---------------+----+-----
Fighting       | 4 |  4.7
Axes           | 4 |  4.7
Armour         | |  2.4
Dodging        | |  2.1

Action                   || total
-------------------------++-------
Melee: Hand axe          ||    45
       Headbutt          ||     5
Invok: Berserk           ||     1
Armor: Animal skin       ||     7
       Scale mail        ||    10
Dodge: Dodged            ||    20

Table legend: (Time is in decaauts)
 A = Elapsed time spent in this place.
 B = Non-inter-level travel time spent in this place.
 C = Inter-level travel time spent in this place.
 D = Time resting spent in this place.
 E = Time spent auto-exploring this place.
 F = Levels seen in this place.
 G = Mean time per level.
                   A        B        C        D        E       F      G
               +--------+--------+--------+--------+--------+-----+--------+
         Total |   1003 |    960 |     43 |      0 |    825 |   2 |  501.5 |
       Dungeon |   1003 |    960 |     43 |      0 |    825 |   2 |  501.5 |
               +--------+--------+--------+--------+--------+-----+--------+

Top non-repeatable levels by time:
     D:1: 787 daAuts
     D:2: 216 daAuts
